 Dungeon Sprint DCSS version 0.19-a0-1714-gcab94ab (webtiles) character file.

7935 Theye the Bludgeoner (level 11, 0/106 HPs)
             Began as a Naga Gladiator on Sept 28, 2016.
             Was the Champion of Qazlal.
             Slain by Qayxee the pandemonium lord (26 damage)
             ... in the Dungeon (Sprint V: "Ziggurat Sprint").
             The game lasted 00:03:26 (1316 turns).

Theye the Bludgeoner (Naga Gladiator)               Turns: 1316, Time: 00:03:26

Health: 0/106      AC: 12    Str: 29    XL:     11   Next: 23%
Magic:  0/18       EV:  7    Int:  8    God:    Qazlal [******]
Gold:   0          SH:  8    Dex: 16    Spells: 0 memorised, 10 levels left

rFire  + + +     SeeInvis +     E - +7 great mace "Firestarter" {inner flame, rF++}
rCold  + . .     Gourm    .     r - +9 gold dragon armour
rNeg   + . .     Faith    .     (shield currently unavailable)
rPois  +         Spirit   +     M - +2 hat of the Bear Spirit {Spirit, +Rage rN+ MR++}
rElec  .         Dismiss  .     (no cloak)
rCorr  .         Reflect  .     (no gloves)
MR     +++..     Harm     .     (no barding)
Stlth  .......... NoTele   +    L - amulet of rage
                                y - +6 ring of strength
                                z - +6 ring of strength

@: protected from physical damage, corroded, repel missiles, very slow
A: see invisible, deformed body, poison resistance, slowness 2, slow metabolism
1, spit poison 1, AC +3
a: Spit Poison, Upheaval, Elemental Force, Disaster Area, Renounce Religion,
Evoke Berserk Rage


You were in the Dungeon.
You worshipped Qazlal.
Qazlal was exalted by your worship.
You were full.

You visited 1 branch

Inventory:

Hand Weapons
 E - the +7 great mace "Firestarter" (weapon) {inner flame, rF++}
   (You found it in the Dungeon)

   It has been specially enchanted to burn those struck by it, causing extra
   injury to most foes and up to half again as much damage against particularly
   susceptible opponents.
   It greatly protects you from fire.
 F - the +10 dark maul {crush}
   (You found it in the Dungeon)

   It inflicts extra damage upon your enemies.
Armour
 o - a +3 large shield
 r - a +9 gold dragon armour (worn)
 G - the +18 shield of the Gong {rElec rN+ MR+ EV-5}
   (You found it in the Dungeon)

   It affects your evasion (-5).
   It insulates you from electricity.
   It protects you from negative energy.
   It affects your resistance to hostile enchantments.
 M - the +2 hat of the Bear Spirit (worn) {Spirit, +Rage rN+ MR++}
   (You found it in the Dungeon)

   It protects you from negative energy.
   It affects your resistance to hostile enchantments.
   It lets you go berserk.
Jewellery
 u - a +6 ring of dexterity
 v - a +6 ring of dexterity
 y - a +6 ring of strength (right hand)
 z - a +6 ring of strength (left hand)
 L - an amulet of rage (around neck)
 N - an uncursed ring of protection from fire
Wands
 A - a wand of disintegration (7/24)
 B - a wand of iceblast (5/15)
 C - a wand of lightning (5/15)
 D - a wand of acid (5/15)
Scrolls
 a - 4 scrolls of amnesia
 b - 3 scrolls of recharging
 d - 7 scrolls of fog
 k - 4 scrolls of blinking
 w - a scroll of holy word
 x - 5 scrolls of identify
 H - 5 scrolls of remove curse
 I - 2 scrolls of fear
 K - 2 scrolls of brand weapon
Potions
 e - 9 potions of curing
 g - 9 potions of heal wounds
 h - 8 potions of haste
 i - 7 potions of magic
 j - 3 potions of berserk rage
 l - 2 potions of brilliance
 m - a potion of invisibility
 n - 4 potions of resistance
 p - 5 potions of agility
 q - 6 potions of might
Miscellaneous
 J - a lamp of fire
Comestibles
 c - 3 royal jellies
 f - 4 bread rations
 s - 42 fruits
 t - 4 meat rations


   Skills:
 + Level 9.5 Fighting
 * Level 18.9 Maces & Flails
 - Level 1.7 Throwing
 + Level 7.4 Armour
 + Level 7.5 Dodging
 * Level 10.6 Invocations


You had 10 spell levels left.
You didn't know any spells.

Dungeon Overview and Level Annotations

Branches:
Dungeon (1/1)

Altars:
Ashenzari
Cheibriados
Dithmenos
Elyvilon
Fedhas
Gozag
Hepliaklqana
Kikubaaqudgha
Makhleb
Nemelex Xobeh
Okawaru
Qazlal
Ru
Sif Muna
Trog
Uskayaw
Vehumet
Xom
Yredelemnul
Zin
The Shining One
Beogh
Jiyva
Lugonu


Innate Abilities, Weirdness & Mutations

You cannot wear boots.
Your serpentine skin is tough. (AC +3)
You have supernaturally acute eyesight. (SInv)
Armour fits poorly on your strangely shaped body.
Your system is resistant to poisons. (rPois)
You cover ground very slowly.
You have a slow metabolism.
You can spit poison.


Message History

The fiery explosion engulfs the hell beast.
The hell beast is almost dead.
The fiery explosion engulfs you! You resist.
* * * LOW HITPOINT WARNING * * *
Qazlal accepts your kill.
The hell beast's inner flame fades away.
The sun demon hits you!
* * * LOW HITPOINT WARNING * * *
You are engulfed in flames.
You resist.
* * * LOW HITPOINT WARNING * * *
The rust devil hits you. The rust devil corrodes you! Qayxee hits you.
* * * LOW HITPOINT WARNING * * *
You feel more protected from physical attacks.
You writhe in agony.
* * * LOW HITPOINT WARNING * * *
Unknown command.
Unknown command.
Unknown command.
You feel much better. You block the sun demon's attack. Qayxee hits you!!
You die...

▓▓▓▓▓▓▓▓▓▓▓▓▓▓▓▓▓▓▓
▓...8©8...▓...8©8...▓
▓..[)|!:..▓...)|)\..▓
▓..):|?=..▓...)|"[..▓
▓.........▓.........▓
▓.........▓.........▓
▓..§223§..▓.........▓
▓..§§&3§..▓.........▓
▓...4@.§..▓.........▓
▓.▓..§§§▓.▓.........▓
▓....§....▓▓▓▓▓▓▓▓▓▓▓
▓▓▓▓▓▓▓▓▓▓▓


You could see Qayxee, a hell beast, a blizzard demon, a sun demon, a rust devil
and a ynoxinul.

Vanquished Creatures
  A lich (D)
  2 large abominations (D)
  2 cyclopes (D)
  A rust devil (D)
  A smoke demon (D)
  An orange demon (D)
  A spiny frog (D)
  2 ice devils (D)
  A troll (D)
  2 two-headed ogres (D)
  2 tarantellas (D)
  A ynoxinul (D)
  A yak (D)
  A basilisk (D)
  2 orc warriors (D)
  2 water moccasins (D)
  A porcupine (D)
  A floating eye (D)
  3 phantoms (D)
  4 necrophages (D)
  2 scorpions (D)
  2 wights (D)
  A jelly (D)
  2 orc priests (D)
  An iron imp (D)
  3 iguanas (D)
  2 river rats (D)
  A shadow imp (D)
  An ufetubus (D)
  2 oozes (D)
  An adder skeleton (D)
  2 orcs (D)
  A bat skeleton (D)
  2 jackals (D)
  A ball python skeleton (D)
  A giant cockroach zombie (D)
57 creatures vanquished.

Vanquished Creatures (others)
  A spatial maelstrom (D)
  An ufetubus (D)
2 creatures vanquished.

Grand Total: 59 creatures vanquished

Notes
Turn   | Place    | Note
-------+----------+-------------------------------------------
     0 | D        | Theye the Naga Gladiator began the quest for the Orb.
     0 | D        | Reached XP level 1. HP: 19/19 MP: 1/1
     0 | D        | Found a deep blue altar of Sif Muna.
     0 | D        | Found a bloodstained altar of Trog.
     0 | D        | Found a sacrificial altar of Ru.
     0 | D        | Found a stormy altar of Qazlal.
     0 | D        | Found an iron altar of Okawaru.
     1 | D        | Found a sparkling altar of Nemelex Xobeh.
     1 | D        | Found a blossoming altar of Fedhas.
     3 | D        | Reached skill level 5 in Maces & Flails
     3 | D        | Reached XP level 2. HP: 28/28 MP: 2/2
     6 | D        | Banished a spatial maelstrom
    21 | D        | Found a viscous altar of Jiyva.
    21 | D        | Found an ancient bone altar of Kikubaaqudgha.
    21 | D        | Found a hazy altar of Hepliaklqana.
    21 | D        | Found a corrupted altar of Lugonu.
    21 | D        | Found an opulent altar of Gozag.
    21 | D        | Found a burning altar of Makhleb.
    41 | D        | Became a worshipper of Qazlal Stormbringer
    68 | D        | Entered arena 1.
    68 | D        | Noticed a necrophage
    71 | D        | Killed a necrophage
    71 | D        | Reached skill level 7 in Maces & Flails
    71 | D        | Reached XP level 3. HP: 24/36 MP: 3/3
    71 | D        | Reached XP level 4. HP: 29/44 MP: 4/4
   174 | D        | Entered arena 2.
   174 | D        | Noticed a phantom
   174 | D        | Noticed a necrophage
   177 | D        | Killed a necrophage
   177 | D        | Reached * piety under Qazlal
   177 | D        | Reached skill level 9 in Maces & Flails
   177 | D        | Reached skill level 5 in Dodging
   177 | D        | Reached XP level 5. HP: 50/51 MP: 4/6
   186 | D        | Killed a phantom
   186 | D        | Reached skill level 10 in Maces & Flails
   186 | D        | Reached XP level 6. HP: 42/60 MP: 5/8
   279 | D        | Entered arena 3.
   279 | D        | Noticed a floating eye
   281 | D        | Reached ** piety under Qazlal
   283 | D        | Killed a floating eye
   283 | D        | Reached skill level 5 in Fighting
   283 | D        | Reached skill level 11 in Maces & Flails
   284 | D        | Reached XP level 7. HP: 63/67 MP: 8/10
   300 | D        | Entered arena 4.
   300 | D        | Noticed a tarantella
   300 | D        | Noticed a tarantella
   305 | D        | Killed a tarantella
   305 | D        | Reached *** piety under Qazlal
   305 | D        | Reached skill level 5 in Invocations
   308 | D        | Killed a tarantella
   308 | D        | Reached skill level 12 in Maces & Flails
   312 | D        | Reached XP level 8. HP: 41/76 MP: 10/12
   482 | D        | Entered arena 5.
   482 | D        | Noticed a troll
   482 | D        | Noticed a cyclops
   482 | D        | Noticed a two-headed ogre
   482 | D        | Noticed a two-headed ogre
   482 | D        | Noticed a cyclops
   485 | D        | Killed a two-headed ogre
   485 | D        | Reached **** piety under Qazlal
   486 | D        | Killed a two-headed ogre
   486 | D        | Reached skill level 13 in Maces & Flails
   490 | D        | Killed a troll
   493 | D        | Killed a cyclops
   493 | D        | Reached skill level 14 in Maces & Flails
   493 | D        | Reached XP level 9. HP: 33/85 MP: 12/14
   498 | D        | Killed a cyclops
   498 | D        | Reached ***** piety under Qazlal
   759 | D        | Entered arena 6.
   762 | D        | Reached skill level 5 in Armour
   766 | D        | Reached skill level 15 in Maces & Flails
   774 | D        | Got the ring of Rituties {*Corrode +Blink rN+ MP+9 Dex-2}
   778 | D        | Got the ring of Veticil {Str+4 Int+2}
   855 | D        | Entered arena 7.
   861 | D        | Reached ****** piety under Qazlal
  1002 | D        | Entered arena 8.
  1002 | D        | Noticed a spiny frog
  1014 | D        | Killed a spiny frog
  1016 | D        | Reached skill level 16 in Maces & Flails
  1016 | D        | Reached XP level 10. HP: 36/96 MP: 8/16
  1236 | D        | Entered arena 9.
  1260 | D        | Entered arena 10.
  1260 | D        | Noticed a smoke demon
  1260 | D        | Noticed a lich
  1260 | D        | Noticed a large abomination
  1264 | D        | Killed a large abomination
  1268 | D        | Killed a smoke demon
  1268 | D        | Reached skill level 17 in Maces & Flails
  1271 | D        | Killed a lich
  1271 | D        | Reached skill level 18 in Maces & Flails
  1271 | D        | Reached skill level 10 in Invocations
  1271 | D        | Reached XP level 11. HP: 88/106 MP: 13/18
  1306 | D        | Entered arena 11.
  1306 | D        | Noticed a sun demon
  1306 | D        | Noticed a hell beast
  1307 | D        | Noticed a blizzard demon
  1307 | D        | Noticed Qayxee the pandemonium lord
  1315 | D        | HP: 5/106 [Qayxee the pandemonium lord (3)]
  1316 | D        | Slain by Qayxee the pandemonium lord

Vault maps used:
D:        sprint_v

Skill      XL: |  1  2  3  4  5  6  7  8  9 10 |
---------------+-------------------------------+-----
Fighting       | 3 4 5 6 7 9 |  9.5
Maces & Flails | 5 7 9 10 11 12 14 16 18 | 18.9
Armour         | 2 3 4 5 7 |  7.4
Dodging        | 3 4 5 6 7 |  7.5
Invocations    | 2 3 4 5 7 8 10 | 10.6
Throwing       | |  1.7

Action                   |  1- 3 |  4- 6 |  7- 9 | 10-12 || total
-------------------------+-------+-------+-------+-------++-------
Melee: Great mace        |     2 |    14 |    42 |    32 ||    90
Invok: Disaster Area     |       |       |       |     1 ||     1
  Use: Potion            |     1 |       |     2 |     1 ||     4
       Scroll            |       |       |     4 |       ||     4
 Stab: Invisible         |       |       |     3 |       ||     3
  Eat: Bread ration      |       |       |       |     1 ||     1
Armor: Gold dragon armou |     1 |    16 |    49 |    33 ||    99
Dodge: Dodged            |     1 |     1 |    24 |    14 ||    40
Block: Other             |       |       |    13 |    26 ||    39
